AoeStats
← Lord_Wilfredo

Arabia

508344409Analyzed
3v3 RM · 11d ago on Sep 22, 2026· 46m 46s· 6 players
Game mode
Random Map
Map size
Normal (6 player)
Population
200
Speed
Normal
Resources
Standard
Victory
Conquest
Starting age
Dark Age
Ending age
Imperial Age
RankedLock teamsTeams togetherTeam positionsShared explorationLock speedFull tech treeHidden civsTurbo modeCheats
Victory
Defeat
🇦🇷 Magyars · Argentina
1506
+10
🇲🇽 Maya · Mexico
1493
+11
🇦🇷 Britons · Argentina
1331
+17
🇦🇷 Mongols · Argentina
1383
-13
🇲🇽 Bohemians · Mexico
1369
-13
🇺🇸 Japanese · United States
1353
-12
Chesnut
6:06 Loom
12:04 Feudal Age
Sigi
4:37 Loom
9:37 Feudal Age
10:15 Double-Bit Axe
13:44 Fletching
16:23 Padded Archer Armor
24:26 Castle Age
24:00 Horse Collar
24:28 Crossbowman
25:04 Bodkin Arrow
25:36 Bow Saw
26:28 Ballistics
28:03 Chemistry
29:11 Leather Archer Armor
31:04 Wheelbarrow
30:46 Heavy Plow
34:48 Hand Cart
39:28 Imperial Age
40:55 Bracer
Lord_Wilfredo
6:45 Loom
8:56 Feudal Age
9:31 Double-Bit Axe
16:51 Wheelbarrow
17:53 Bloodlines
21:12 Scale Barding Armor
21:48 Fletching
28:02 Castle Age
26:45 Padded Archer Armor
27:53 Horse Collar
28:10 Elite Skirmisher
29:11 Bodkin Arrow
31:49 Town Watch
33:41 Bow Saw
34:06 Stone Mining
37:32 Leather Archer Armor
44:03 Imperial Age
41:52 Husbandry
43:20 Chain Barding Armor
43:11 Forging
44:20 Elite Steppe Lancer
[IMGG] oso anti pro
0:26 Loom
9:32 Feudal Age
15:25 Horse Collar
17:01 Fletching
17:11 Double-Bit Axe
18:04 Padded Archer Armor
23:29 Castle Age
23:36 Crossbowman
24:28 Bodkin Arrow
24:53 Bow Saw
25:11 Gold Mining
26:47 Ballistics
26:31 Squires
26:40 Town Watch
27:12 Heavy Plow
28:21 Leather Archer Armor
30:00 Wheelbarrow
31:52 Hand Cart
32:01 Stone Mining
35:07 Arson
37:27 Stone Shaft Mining
40:10 Imperial Age
38:12 Forging
37:48 Eagle Warrior
38:31 Scale Mail Armor
38:40 Arson
39:32 Iron Casting
40:19 Chain Mail Armor
41:32 Crop Rotation
42:05 Two-Man Saw
40:36 Elite Eagle Warrior
41:48 Plate Mail Armor
42:19 Blast Furnace
41:56 Holcans
41:55 Conscription
43:54 Bracer
44:27 Coinage
44:40 Hoardings
48:19 Chemistry
le ignacio
7:51 Loom
9:41 Feudal Age
15:06 Double-Bit Axe
15:26 Horse Collar
18:52 Scale Barding Armor
22:42 Bloodlines
24:55 Wheelbarrow
27:29 Castle Age
26:10 Gold Mining
26:10 Town Watch
27:44 Light Cavalry
28:49 Chain Barding Armor
28:46 Husbandry
39:27 Heavy Plow
39:57 Bow Saw
45:05 Imperial Age
44:39 Hand Cart
45:02 Gold Shaft Mining
45:24 Cavalier
46:56 Plate Barding Armor
Lexa
4:01 Loom
9:24 Feudal Age
9:53 Double-Bit Axe
15:15 Fletching
26:26 Castle Age
26:30 Crossbowman
27:09 Bodkin Arrow
30:12 Bow Saw
32:19 Gold Mining
32:59 Elite Skirmisher
35:27 Town Watch
36:54 Ballistics
39:03 Padded Archer Armor
Connection lost

Rejoining the realm…

Still unreachable

The connection could not be restored.

Session expired

The server has moved on; the page needs a fresh start.